 Dungeon Crawl Stone Soup version 0.27.1-33-g824d729ab1 (webtiles) character file.

Game seed: 17507046705861155428

564 DoubleLucky the Ruffian (level 7, -1/67 HPs)
             Began as a Troll Fighter on Dec 5, 2021.
             Was an Initiate of Qazlal.
             Slain by an ogre (15 damage)
             ... on level 4 of the Dungeon on Dec 11, 2021.
             The game lasted 00:15:27 (3203 turns).

DoubleLucky the Ruffian (Troll Fighter)             Turns: 3203, Time: 00:15:27

Health: -1/67      AC:  5    Str: 25    XL:     7   Next: 10%
Magic:  6/6        EV:  8    Int:  6    God:    Qazlal [......]
Gold:   98         SH: 14    Dex:  9    Spells: 6/6 levels left

rFire    . . .     SeeInvis .     - Unarmed
rCold    . . .     Faith    .   b - +0 kite shield
rNeg     . . .     Spirit   .   a - +0 robe
rPois    .         Reflect  +   o - +1 hat
rElec    .         Harm     .   (no cloak)
rCorr    .         Rampage  .   (gloves unavailable)
Will     .....                  (boots unavailable)
Stlth    +.........             f - amulet of reflection
HPRegen  1.21/turn              (no ring)
MPRegen  0.10/turn              (no ring)

@: mighty
A: large, unfitting armour, claws 3, regeneration 1, shaggy fur 1, tough skin 1
a: Renounce Religion


You were on level 4 of the Dungeon.
You worshipped Qazlal.
Qazlal was noncommittal.
You visited 2 branches of the dungeon, and saw 6 of its levels.

You collected 98 gold pieces.

Inventory:

Hand Weapons
 i - a +1 dagger of venom
Missiles
 d - 148 stones
 e - 26 poisoned darts (quivered)
Armour
 a - a +0 robe (worn)
 b - a +0 kite shield (worn)
 o - a +1 hat (worn)
Jewellery
 f - an amulet of reflection (around neck)
 g - a +6 ring of dexterity
Wands
 n - a wand of flame (7)
Scrolls
 h - a scroll of silence {unknown}
 j - a scroll of fear {unknown}
 m - a scroll of noise
 s - a scroll of amnesia {unknown}
Potions
 c - 2 potions of might
 l - a potion of degeneration {unknown}
 p - a potion of curing {unknown}
 q - a potion of cancellation {unknown}
 r - a potion of resistance {unknown}


   Skills:
 + Level 3.5 Fighting
 + Level 2.3 Throwing
 + Level 3.4 Dodging
 + Level 3.4 Shields
 - Level 5.0 Unarmed Combat


You had 6 spell levels left.
You didn't know any spells.
Your spell library contained the following spells:

 Spells                   Type           Power      Damage    Failure   Level
 Blink                    Tloc           N/A        N/A       94%         2
 Manifold Assault         Tloc           0%         N/A       100%        5
 Storm Form               Tmut/Air       0%         N/A       100%        7


Dungeon Overview and Level Annotations

Branches:
Dungeon (5/15)             Temple (1/1) D:4

Altars:
Nemelex Xobeh
Qazlal
Uskayaw
Vehumet
Xom

Shops:
D:4 (


Innate Abilities, Weirdness & Mutations

You are too large for most types of armour.
You have claws for hands.
Your natural rate of healing is unusually fast.
You are covered in fur. (AC +1)
You have tough skin. (AC +1)


Message History

There is a stone staircase leading down here.
Why would you want to do that?
You feel very mighty all of a sudden. You block the sky beast's attack.
You closely miss the sky beast.
The sky beast is moderately wounded.
You block the ogre's attack. The sky beast barely misses you.
You claw the sky beast!
The sky beast is heavily wounded.
You block the sky beast's attack.
The ogre hits you with a +0 giant club!!
You miss the sky beast.
The sky beast is heavily wounded.
You block the sky beast's attack. The ogre barely misses you.
You barely miss the sky beast.
The sky beast is heavily wounded.
You block the sky beast's attack. The ogre hits you with a +0 giant club!
* * * LOW HITPOINT WARNING * * *
The sky beast hits you.
* * * LOW HITPOINT WARNING * * *
The sky beast shocks you.
* * * LOW HITPOINT WARNING * * *
You closely miss the sky beast.
The sky beast is heavily wounded.
You block the ogre's attack. You block the sky beast's attack.
You barely miss the sky beast.
The sky beast is heavily wounded.
You block the sky beast's attack. The ogre completely misses you.
You claw the sky beast!
The sky beast is almost dead.
The sky beast hits you but does no damage.
You claw the sky beast!
You kill the sky beast!
Qazlal accepts your kill. You block the ogre's attack.
You have reached level 7!
You scratch the ogre.
The ogre is lightly wounded.
The ogre hits you with a +0 giant club!
You die...

########## #†O......#
#### # ##@######.#
###... # ##≈≈≈## #.#
#..... #
##≈≈≈≈≈####.####.....
##
#...∩≈≈#.........<...
.#
#.≈≈≈≈≈#.##.####.....
.# #.#≈≈≈....#.#
#.#... .##########
#.##..##..#.# #.....
..........#
#.........>.# ####.#
#########.#
#####.##..### #.#


You could see an ogre.

Vanquished Creatures
  Menkaure (D:4)
  A sky beast (D:4)
  A centaur (D:5)
  A scorpion (D:2)
  2 hounds
  6 adders
  An adder zombie (D:5)
  A worm (D:5)
  A dart slug (D:2)
  6 orcs (D:3)
  9 ball pythons
  4 bats
  8 endoplasms
  7 giant cockroaches
  7 goblins
  7 hobgoblins
  4 jackals (D:3)
  7 kobolds
  3 quokkas
  2 frilled lizards
  4 rats
83 creatures vanquished.

Notes
Turn   | Place    | Note
-------+----------+-------------------------------------------
     0 | D:1      | DoubleLucky the Troll Fighter began the quest for the Orb.
     0 | D:1      | Reached XP level 1. HP: 22/22 MP: 0/0
   198 | D:1      | Reached XP level 2. HP: 29/29 MP: 1/1
   253 | D:1      | Reached skill level 3 in Unarmed Combat
   635 | D:2      | Reached XP level 3. HP: 36/36 MP: 2/2
   701 | D:2      | Found a faded altar of an unknown god.
   753 | D:2      | Reached skill level 4 in Unarmed Combat
   900 | D:2      | Reached XP level 4. HP: 44/44 MP: 3/3
  1482 | D:3      | Noticed a scorpion
  1532 | D:2      | Killed a scorpion
  1533 | D:2      | Reached XP level 5. HP: 21/50 MP: 4/4
  1658 | D:3      | Reached skill level 1 in Throwing
  2420 | D:4      | Noticed Menkaure
  2430 | D:4      | Killed Menkaure
  2431 | D:4      | Reached XP level 6. HP: 49/61 MP: 5/5
  2630 | D:4      | Found a sparkling altar of Nemelex Xobeh.
  2633 | D:4      | Found a shimmering altar of Xom.
  2636 | D:4      | Found a stormy altar of Qazlal.
  2641 | D:4      | Became a worshipper of Qazlal Stormbringer
  2674 | D:4      | Found a staircase to the Ecumenical Temple.
  2683 | Temple   | Entered the Ecumenical Temple
  2834 | D:4      | Found a hide-covered altar of Uskayaw.
  2843 | D:4      | Found a radiant altar of Vehumet.
  2919 | D:4      | Found Wowodghyo's Weapon Boutique.
  3065 | D:5      | Entered Level 5 of the Dungeon
  3065 | D:5      | Noticed a sky beast
  3114 | D:5      | Reached skill level 5 in Unarmed Combat
  3202 | D:4      | Killed a sky beast
  3203 | D:4      | Reached XP level 7. HP: 13/67 MP: 6/6
  3203 | D:4      | Slain by an ogre

Illustrated notes

Levels and vault maps discovered:
D:1:      lightli_arrival_maybe_door_vault, layout_basic
D:2:      layout_loops_ring, serial_aquarium, aquarium_bridge_straight
          [aquarium_subvault_bridge, aquarium_subvault_wall,
          aquarium_subvault_bridge, aquarium_subvault_window],
          aquarium_window_2, aquarium_window_corridor_2, aquarium_window_fake,
          aquarium_view_2a, aquarium_pool_double,
          chequers_ecumenical_altar_island
D:3:      layout_loops_ring, kennysheep_cross_room
D:4:      layout_loops_corners, mainiacjoe_overflow_swirl,
          grunt_temple_overflow_diamond, minmay_temple_entry_metal_lava,
          serial_shops, nicolae_shop_waterfront, minivault_14,
          hangedman_decor_points, uniq_menkaure
D:5:      layout_rooms, cheibrodos_sewer_entry_drain
Temple:   corrupted_temple

Skill      XL: |  1  2  3  4  5  6 |
---------------+-------------------+-----
Unarmed Combat | 3 4 5 |  5.0
Throwing       | 1 2 |  2.3
Fighting       | 3 |  3.5
Dodging        | 3 |  3.4
Shields        | 3 |  3.4

Action                   |  1- 3 |  4- 6 |  7- 9 || total
-------------------------+-------+-------+-------++-------
Melee: Unarmed           |    92 |   132 |     1 ||   225
Throw: Stone             |    37 |    36 |       ||    73
       Dart              |       |    25 |       ||    25
  Use: Potion            |       |     2 |       ||     2
       Scroll            |       |     2 |       ||     2
Armor: Robe              |    26 |    20 |       ||    46
Dodge: Dodged            |    37 |    36 |       ||    73
Block: Kite shield       |     3 |    69 |       ||    72
       Other             |     8 |     2 |       ||    10
       Reflection        |       |     3 |       ||     3
